 Dungeon Crawl Stone Soup version 0.30-a0-857-gcaf70739d4 (webtiles) character file.

Game seed: 3279097706600474411

1216 Firecrotchwizard the Trooper (level 8, -1/61 HPs)
             Began as a Djinni Fire Elementalist on Mar 5, 2023.
             Was a Follower of Makhleb.
             Slain by Duvessa
             ... wielding a +0 rapier of protection
              (17 damage)
             ... on level 5 of the Dungeon on Mar 6, 2023.
             The game lasted 00:11:32 (4984 turns).

Firecrotchwizard the Trooper (DjFE)                 Turns: 4984, Time: 00:11:33

Health: -1/61      AC:  3    Str:  7    XL:     8   Next: 75%
Gold:   70         EV: 17    Int: 17    God:    Makhleb [*.....] SH:  0 Dex: 13

rFire   + + .      SeeInvis +    x - +6 trident "Ystuig" {flame, rC++ Int-3 SInv Stlth+}
rCold   + . .      Faith    .    (no shield)
rNeg    . . .      Spirit   .    a - +0 robe
rPois   ∞          Reflect  .    y - +0 helmet
rElec   .          Rampage  .    (no cloak)
rCorr   .                        (no gloves)
Will    .....                    (boots unavailable)
Stlth   +++                      (no amulet)
HPRegen 0.30/turn                E - +5 ring of evasion
MPRegen 0.00/turn                (no ring)

@: about to teleport, flying
A: sickness immunity, fire resistance 2, cold vulnerability 1, float, innate
caster, HP casting, extra vitality 1
a: Renounce Religion


You were on level 5 of the Dungeon.
You worshipped Makhleb.
Makhleb was aware of your devotion.
You visited 2 branches of the dungeon, and saw 6 of its levels.
You also visited: Ossuary.

You collected 294 gold pieces.
You spent 224 gold pieces at shops.

Inventory:

Hand Weapons
 f - a +0 dagger
   (You found it on level 1 of the Dungeon)
 g - a +0 club
   (You took it off a kobold on level 1 of the Dungeon)
 n - a +0 dagger
   (You found it on level 2 of the Dungeon)
 x - the +6 trident "Ystuig" (weapon) {flame, rC++ Int-3 SInv Stlth+}
   (You found it on level 3 of the Dungeon)

   Int:       It affects your intelligence (-3).
   rC:        It greatly protects you from cold.
   SInv:      It lets you see invisible.
   Stlth:     It makes you more stealthy.
Missiles
 p - 2 throwing nets {!d}
 s - 5 stones (quivered)
 A - 4 atropa-tipped darts
Armour
 a - a +0 robe (worn)
 v - a +0 ring mail
   (You found it on level 2 of the Dungeon)
 y - a +0 helmet (worn)
   (You found it on level 4 of the Dungeon)
 F - a scarf of harm
   (You bought it in a shop on level 5 of the Dungeon)
Jewellery
 E - a +5 ring of evasion (left hand)
   (You found it on level 3 of the Dungeon)
Scrolls
 d - 5 scrolls of identify {unknown}
 i - a scroll of enchant armour {unknown}
 j - 3 scrolls of noise {unknown}
 l - a scroll of amnesia {unknown}
 r - 4 scrolls of vulnerability {unknown}
 t - 3 scrolls of poison {unknown}
 u - a scroll of immolation {unknown}
 w - 2 scrolls of enchant weapon {unknown}
 z - a scroll of fear {unknown}
 D - a scroll of butterflies {unknown}
 Y - 2 scrolls of teleportation {@r3}
Potions
 b - 4 potions of curing {unknown}
 c - 4 potions of flight {unknown}
 e - 4 potions of might {unknown}
 h - 4 potions of attraction {unknown}
 k - a potion of resistance {unknown}
 m - 2 potions of brilliance {unknown}
 o - 3 potions of degeneration {unknown}
 q - a potion of mutation {unknown}
 B - a potion of lignification {unknown}
 C - a potion of ambrosia {unknown}


   Skills:
 + Level 5.8 Fighting
 - Level 2.1 Dodging
 - Level 1.5 Stealth
 + Level 5.1 Spellcasting
 + Level 4.8 Invocations


You knew the following spells:

 Your Spells              Type           Power      Damage    Failure   Level
a - Foxfire               Conj/Fire      88%        2x1d8     1%          1
b - Scorch                Fire           44%        2d7       2%          2
c - Kindle Blastsparks    Fire/Tloc/Air  44%        2d13      4%          3
d - Inner Flame           Hex/Fire       22%        N/A       4%          3
e - Flame Wave            Conj/Fire      22%        2d8       17%         4
f - Sting                 Tmut/Pois      88%        1d7       1%          1
g - Poisonous Vapours     Pois/Air       44%        N/A       2%          2
w - Passwall              Tmut/Erth      18%        N/A       2%          2
Your spell library was empty.

Dungeon Overview and Level Annotations

Branches:
Dungeon (5/15)             Temple (1/1) D:4         Ossuary (visited)

Altars:
Ashenzari
Dithmenos
Elyvilon
Fedhas
Gozag
Makhleb
Nemelex Xobeh
Qazlal

Shops:
D:5 (:*

Annotations:
D:4 exclusion: door
D:5 Duvessa


Innate Abilities, Weirdness & Mutations

You are immune to sickness and miasma.
You are immune to poison.
Your flesh is very heat resistant. (rF++)
You are vulnerable to cold. (rC-)
You float through the air rather than walking.
You learn spells naturally, not from books.
Your magical power is your life essence.
You have superior vitality. (+4 MHP)


Message History

Makhleb accepts your kill.
Your Spellcasting skill increases to level 5!
You take 2 damage, and have 56/60 hp.
You now have 287 gold pieces (gained 8).
You now have 294 gold pieces (gained 7).
d - 5 scrolls labelled EPNEHI UVITUTS (gained 1)
Found an escape hatch in the ceiling.
Health restored: 60
Found Ceaff's Assorted Antiques.
There is an entrance to Ceaff's Assorted Antiques here.
F - a scarf of harm Thank you for shopping at Ceaff's Assorted Antiques!
An ogre is nearby!
You conjure some foxfire!
The ogre shouts!
You take 1 damage, and have 59/60 hp.
You conjure some foxfire!
The foxfire hits the ogre but does no damage.
You conjure some foxfire!
The foxfire hits the ogre. x2
The foxfire hits the ogre!
You take 1 damage, and have 58/60 hp.
You conjure some foxfire!
The foxfire hits the ogre.
You take 1 damage, and have 57/60 hp.
Aim: an ogre, wielding a +0 giant club (severely wounded, ally target, 89% to hit)
The sting hits the ogre.
The ogre is poisoned.
The foxfire hits the ogre.
You kill the ogre!
Makhleb accepts your kill.
You feel better.
Health restored: 61 You see here an amulet of magic regeneration.
Things that are here:
a +0 leather armour; a +0 rapier You see here a +0 scale mail.
Things that are here:
a +0 leather armour; a +0 rapier
There is an open door here.
There is a shadowy altar of Dithmenos here.
There is an open door here.
Partly explored, can't reach some items and places.
Unknown command.
Partly explored, can't reach some items and places.
What are your orders? t - Shout!
Orders for allies: a - Attack new target. r - Retreat! s - Stop attacking. g - Guard the area. f - Follow me.
Anything else - Cancel.
You shout for attention!
You hear a shout! x2
Dowan, Brother of Duvessa comes into view.
He is wielding a +0 dagger.
You conjure some foxfire!
You take 1 damage, and have 60/61 hp.
You conjure some foxfire!
The foxfire hits Dowan!
The foxfire hits Dowan.
You take 1 damage, and have 59/61 hp.
You conjure some foxfire!
The foxfire hits Dowan.
You miscast Scorch.
You are very lightly contaminated with residual magic.
Nothing appears to happen.
The foxfire hits Dowan. x2
You kill Dowan!
Makhleb accepts your kill.
You hear a distant scream of rage.
You take 2 damage, and have 57/61 hp.
You start resting.
Your magical contamination has completely faded away.
You regained 2 hp, and now have 59/61 hp.
What are your orders? t - Shout!
Orders for allies: a - Attack new target. r - Retreat! s - Stop attacking. g - Guard the area. f - Follow me.
Anything else - Cancel.
You shout for attention!
You hear a shout!
You start resting.
Duvessa is nearby!
You conjure some foxfire!
Duvessa shouts!
Duvessa goes berserk!
You conjure some foxfire!
The foxfire hits Duvessa but does no damage.
You take 1 damage, and have 59/61 hp.
Flames lash Duvessa but do no damage.
The foxfire hits Duvessa. x2
Duvessa closely misses you.
The foxfire hits Duvessa but does no damage.
Duvessa hits you with a +0 rapier of protection!
You take 16 damage, and have 43/61 hp.
MASSIVE DAMAGE!!
You conjure some foxfire!
Duvessa hits you with a +0 rapier of protection.
You take 2 damage, and have 41/61 hp.
Flames lash Duvessa.
Duvessa's fire resistance burns away.
The foxfire hits Duvessa.
Duvessa is burned terribly!
The foxfire hits Duvessa but does no damage.
Duvessa hits you with a +0 rapier of protection!!
Duvessa hits you with a +0 rapier of protection.
* * * LOW HITPOINT WARNING * * *
You take 25 damage, and have 16/61 hp.
MASSIVE DAMAGE!!
As you read the scroll of teleportation {@r3}, it crumbles to dust.
You feel strangely unstable.
Duvessa hits you with a +0 rapier of protection!
You die...

.....##
##..............
......#
##..............
......#
#.!.............
......#
#...............
......#
##...............
......# #...#
e........#
.....## #.).#
.###..####
....'#### ##e.##
##.#### ....#...#
#@.## #.##..
....#._.# ##§§#
#....[ .##.#...#
#..## ##.....
##..#≈≈≈# ##..#
###......
##..#...# #..##
#........
##.##._.# #..#
#...<....
#..##...## ##.##
##.......
....####'# #[.#
##......
......#..# ##.##
##.....


You could see Duvessa (berserk, combustible).

Vanquished Creatures
  Prince Ribbit (D:5)
  Eustachio (D:5)
  Menkaure (D:5)
  A water moccasin (D:5)
  An ogre (D:5)
  A phantom (D:4)
  A scorpion (D:5)
  Dowan (D:5)
  A gnoll bouda (D:5)
  A hound (D:4)
  13 mummies
  8 gnolls
  2 adders
  An ufetubus (D:5)
  A worm (D:4)
  4 dart slugs
  2 orcs (D:4)
  A ball python (D:3)
  9 endoplasms
  3 giant cockroaches
  3 goblins
  4 hobgoblins
  2 jackals (D:3)
  5 kobolds
  6 bats
  5 frilled lizards
  3 gnoll skeletons (Ossuary)
  2 goblin skeletons (Ossuary)
  3 orc skeletons (Ossuary)
  3 rats (D:2)
  11 rat skeletons (Ossuary)
101 creatures vanquished.

Vanquished Creatures (others)
  266 foxfires
266 creatures vanquished.

Grand Total: 367 creatures vanquished

Notes
Turn   | Place    | Note
-------+----------+-------------------------------------------
     0 | D:1      | Firecrotchwizard the Djinni Fire Elementalist began the
                  | quest for the Orb.
     0 | D:1      | Firecrotchwizard set off with the following spells
                  | memorised: Foxfire, Scorch, Kindle Blastsparks, Inner
                  | Flame, Flame Wave.
     0 | D:1      | Reached XP level 1. HP: 15/15 MP: 0/0
   205 | D:1      | Reached XP level 2. HP: 18/22 MP: 0/0
   212 | D:1      | Reached skill level 1 in Fighting
   859 | D:2      | Reached XP level 3. HP: 26/27 MP: 0/0
   859 | D:2      | Learned a level 1 spell: Sting
  1112 | D:2      | Found a faded altar of an unknown god.
  1127 | D:2      | Reached skill level 2 in Fighting
  1127 | D:2      | Reached skill level 3 in Spellcasting
  1159 | D:2      | Reached XP level 4. HP: 29/33 MP: 0/0
  1363 | D:2      | Identified the +8 sling "Fugian" {freeze, rC- Str+2 Int+2}
  1666 | D:3      | Reached XP level 5. HP: 38/40 MP: 0/0
  1666 | D:3      | Learned a level 2 spell: Passwall
  1876 | D:3      | Noticed a water moccasin
  1978 | D:3      | Identified the +6 trident "Ystuig" {flame, rC++ Int-3 SInv
                  | Stlth+}
  2367 | D:4      | Noticed a kobold brigand
  2424 | D:4      | Found a staircase to the Ecumenical Temple.
  2433 | Temple   | Entered the Ecumenical Temple
  2542 | Temple   | Became a worshipper of Makhleb the Destroyer
  2768 | D:4      | Reached skill level 3 in Fighting
  2887 | D:4      | Noticed a phantom
  2903 | D:4      | Killed a phantom
  2904 | D:4      | Reached skill level 1 in Invocations
  2904 | D:4      | Reached XP level 6. HP: 28/46 MP: 0/0
  3258 | D:5      | Entered Level 5 of the Dungeon
  3258 | D:5      | Noticed Menkaure
  3258 | D:5      | Noticed Prince Ribbit
  3258 | D:5      | Noticed an ogre
  3318 | D:5      | Reached skill level 2 in Invocations
  3428 | D:5      | Noticed Eustachio
  3451 | D:5      | Killed Prince Ribbit
  3452 | D:5      | Reached skill level 4 in Fighting
  3452 | D:5      | Reached skill level 4 in Spellcasting
  3452 | D:5      | Reached XP level 7. HP: 47/52 MP: 0/0
  3452 | D:5      | Learned a level 2 spell: Poisonous Vapours
  3498 | D:5      | Killed Eustachio
  3499 | D:5      | Reached skill level 3 in Invocations
  3539 | D:5      | Found Puisech's Book Emporium.
  3611 | D:5      | Noticed Duvessa
  3640 | D:5      | Killed Menkaure
  3641 | D:5      | Reached XP level 8. HP: 53/58 MP: 0/0
  3698 | D:5      | Found a broken altar of Ashenzari.
  3768 | D:5      | Found Giywnodd's Antique Weapon Boutique.
  3785 | D:5      | Found a sand-covered staircase.
  3794 | Ossuary  | Entered an ossuary
  3821 | Ossuary  | Reached skill level 5 in Fighting
  3910 | Ossuary  | Reached * piety under Makhleb
  3956 | Ossuary  | Reached skill level 4 in Invocations
  4378 | D:5      | Found a shadowy altar of Dithmenos.
  4379 | D:5      | Found a sparkling altar of Nemelex Xobeh.
  4552 | D:5      | Reached skill level 5 in Spellcasting
  4659 | D:5      | Found Ceaff's Assorted Antiques.
  4667 | D:5      | Bought a runed scarf for 224 gold pieces
  4963 | D:5      | Noticed Dowan
  4967 | D:5      | Killed Dowan
  4984 | D:5      | Slain by Duvessa

Illustrated notes

Levels and vault maps discovered:
D:1:      lemuel_arrival_muddy, layout_basic, minmay_statues_item,
          serial_bayou_ford_a, nrook_uturn
D:2:      layout_loops_cross, hellmonk_ecumenical_altar_arch_garden,
          grunt_ministairs_6, minmay_octomino_j4
D:3:      layout_rooms, lightli_corner_chamber
D:4:      layout_loops_corners, minmay_temple_entry_metal_lava,
          minmay_manual_mullet
D:5:      layout_cave_pods, mainiacjoe_overflow_divided_tiny,
          ashenzari_conservatory_becter, serial_shops, nicolae_shop_trees,
          shop_fountains, nicolae_shop_trees, gup_ossuary_entry_pyramid,
          mrwooster_statue_mirror, uniq_menkaure, uniq_eustachio, uniq_duvessa,
          uniq_prince_ribbit1
Temple:   nicolae_temple_figure_eight

Skill      XL: |  1  2  3  4  5  6  7  8 |
---------------+-------------------------+-----
Fighting       | 1 2 3 4 5 |  5.8
Spellcasting   | 3 4 5 |  5.1
Invocations    | 1 2 3 4 |  4.8
Dodging        | |  2.1
Stealth        | |  1.5

Action                     |  1- 3 |  4- 6 |  7- 9 || total
---------------------------+-------+-------+-------++-------
  Melee: Club              |     2 |       |       ||     2
         Dagger            |       |     4 |       ||     4
         Trident           |       |    32 |    80 ||   112
  Throw: Stone             |       |    17 |     9 ||    26
   Cast: Foxfire           |    56 |    72 |    31 ||   159
         Scorch            |     1 |     2 |     3 ||     6
         Sting             |     8 |    10 |     6 ||    24
         Poisonous Vapours |       |       |     4 ||     4
    Use: Scroll            |       |     2 |     1 ||     3
   Stab: Sleeping          |       |     1 |     9 ||    10
 Armour: Robe              |     1 |     3 |     2 ||     6
  Dodge: Dodged            |     4 |    31 |    21 ||    56

Table legend: (Time is in decaauts)
 A = Elapsed time spent in this place.
 B = Non-inter-level travel time spent in this place.
 C = Inter-level travel time spent in this place.
 D = Time resting spent in this place.
 E = Time spent auto-exploring this place.
 F = Levels seen in this place.
 G = Mean time per level.
                   A        B        C        D        E       F      G
               +--------+--------+--------+--------+--------+-----+--------+
         Total |   5016 |   4846 |    170 |    236 |   3875 |   7 |  716.6 |
       Dungeon |   4472 |   4319 |    153 |    197 |   3557 |   5 |  894.4 |
        Temple |    119 |    102 |     17 |      0 |    100 |   1 |  119.0 |
       Ossuary |    424 |    424 |      0 |     39 |    218 |   1 |  424.0 |
               +--------+--------+--------+--------+--------+-----+--------+

Top non-repeatable levels by time:
     D:5: 1300 daAuts
     D:4: 973 daAuts
     D:2: 848 daAuts
     D:1: 741 daAuts
     D:3: 608 daAuts
 Ossuary: 424 daAuts
  Temple: 119 daAuts

Table legend:
 A = Kills in this place as a percentage of kills in the entire game.
 B = Kills by you in this place as a percentage of kills by you in the entire game.
 C = Kills by friends in this place as a percentage of kills by friends in the entire game.
 D = Other kills in this place as a percentage of other kills in the entire game.
 E = Experience gained in this place as a percentage of experience gained in the entire game.
 F = Experience gained in this place divided by the number of levels of this place that you have seen.
                   A       B       C       D       E      F
               +-------+-------+-------+-------+-------+----------------------
         Total | 100.0 | 100.0 |   N/A |   N/A | 100.0 | 248.3
       Dungeon |  69.3 |  69.3 |   N/A |   N/A |  86.6 | 301.0
       Ossuary |  30.7 |  30.7 |   N/A |   N/A |  13.4 | 233.0
               +-------+-------+-------+-------+-------+----------------------
